 Dungeon Crawl Stone Soup version 0.27-a0-1188-g73eefd5def (webtiles) character file.

Game seed: 6746179175611746709

33 Dittersdorf the Skirmisher (level 3, -1/24 HPs)
             Began as a Gargoyle Fighter on May 20, 2021.
             Slain by a worm (7 damage)
             ... on level 2 of the Dungeon.
             The game lasted 00:01:12 (1002 turns).

Dittersdorf the Skirmisher (Gargoyle Fighter)       Turns: 1002, Time: 00:01:12

Health: -1/24      AC: 11    Str: 20    XL:     3   Next: 29%
Magic:  3/3        EV:  7    Int:  8    God:
Gold:   38         SH:  9    Dex:  9    Spells: 2/2 levels left

rFire    . . .     SeeInvis .   a - +0 flail
rCold    . . .     Faith    .   c - +0 kite shield
rNeg     + . .     Spirit   .   b - +0 scale mail
rPois    ∞         Reflect  .   (no helmet)
rElec    +         Harm     .   (no cloak)
rCorr    .         Rampage  .   e - +0 pair of gloves
Will     .....                  (no boots)
Stlth    ..........             (no amulet)
HPRegen  0.08/turn              (no ring)
MPRegen  0.08/turn              (no ring)

@: no status effects
A: sickness immunity, AC +3, negative energy resistance 1, electricity
resistance, torment resistance 1, petrification resistance
a: no special abilities


You were on level 2 of the Dungeon.
You visited 1 branch of the dungeon, and saw 2 of its levels.

You collected 38 gold pieces.

Inventory:

Hand Weapons
 a - a +0 flail (weapon)
Armour
 b - a +0 scale mail (worn)
 c - a +0 kite shield (worn)
 e - a +0 pair of gloves (worn)
Scrolls
 f - 2 scrolls of identify {unknown}
 g - a scroll of teleportation {unknown}
 h - a scroll of silence {unknown}
Potions
 d - a potion of might


   Skills:
 + Level 3.7 Fighting
 + Level 2.5 Maces & Flails
 + Level 3.6 Armour
 + Level 3.6 Shields


You had 2 spell levels left.
You didn't know any spells.
Your spell library was empty.

Dungeon Overview and Level Annotations

Branches:
Dungeon (2/15)

Altars:


Innate Abilities, Weirdness & Mutations

You are immune to sickness and miasma.
Your stone body is resilient. (AC +3)
You are immune to poison.
You resist negative energy. (rN+)
You are resistant to electric shocks. (rElec)
You are resistant to unholy torment.
You are immune to petrification.


Message History

A worm comes into view.
You hit the kobold.
The kobold is severely wounded.
You block the kobold's attack.
You sock the kobold!
You kill the kobold!
You block the endoplasm's attack.
Things that are here:
a +0 short sword; 2 fizzy purple potions You completely miss the endoplasm.
A worm comes into view.
You block the endoplasm's attack.
You thump the endoplasm!
You kill the endoplasm!
The worm bites you but does no damage.
You hit the worm.
The worm is lightly wounded.
A dart slug comes into view.
The worm bites you but does no damage.
You hit the worm.
The worm is moderately wounded.
You block the worm's attack.
You hit the worm.
The worm is moderately wounded.
You hit the worm.
The worm is heavily wounded.
The worm bites you but does no damage. The worm bites you!
You thump the worm!
The worm is severely wounded.
The dart slug launches a dart at you.
The slug dart hits you but does no damage.
The worm bites you.
You barely miss the worm.
The worm is severely wounded.
The worm bites you!
* * * LOW HITPOINT WARNING * * *
The dart slug launches a dart at you.
The slug dart hits you but does no damage.
The worm bites you!
You die...

#.........#.#
#..)......#.########
#..>......+.........
#.........#.########
####.........#.#
.............#.#####
####..<..._........#
###.###......)..#
...........@.w#
##.........ww.......
#####.........##...
#.........# ..
#.........# .
..........#
..........#
.....######


You could see 2 worms and a dart slug.

Vanquished Creatures
  A gnoll (D:1)
  A dart slug (D:1)
  A ball python (D:1)
  A bat (D:1)
  2 endoplasms
  3 goblins (D:1)
  A hobgoblin (D:1)
  3 kobolds
  A quokka (D:1)
  A frilled lizard (D:1)
  4 rats (D:1)
19 creatures vanquished.

Notes
Turn   | Place    | Note
-------+----------+-------------------------------------------
     0 | D:1      | Dittersdorf the Gargoyle Fighter began the quest for the
                  | Orb.
     0 | D:1      | Reached XP level 1. HP: 14/14 MP: 1/1
   264 | D:1      | Reached XP level 2. HP: 19/19 MP: 2/2
   520 | D:1      | Reached XP level 3. HP: 6/23 MP: 3/3
   941 | D:2      | Found a faded altar of an unknown god.
  1002 | D:2      | Slain by a worm

Illustrated notes

Levels and vault maps discovered:
D:1:      minmay_arrival_glassed_features, layout_loops_cross
D:2:      minmay_spotlight, layout_basic, serial_shops, shop,
          basic_ecumenical_altar, chequers_serial_rivers_micro_e,
          chequers_serial_rivers_room_a, uniq_crazy_yiuf_cottage

Action                   || total
-------------------------++-------
Melee: Flail             ||    63
Armor: Scale mail        ||    37
Dodge: Dodged            ||    24
Block: Kite shield       ||    35

Table legend: (Time is in decaauts)
 A = Elapsed time spent in this place.
 B = Non-inter-level travel time spent in this place.
 C = Inter-level travel time spent in this place.
 D = Time resting spent in this place.
 E = Time spent auto-exploring this place.
 F = Levels seen in this place.
 G = Mean time per level.
                   A        B        C        D        E       F      G
               +--------+--------+--------+--------+--------+-----+--------+
         Total |   1034 |   1004 |     30 |    230 |    618 |   2 |  517.0 |
       Dungeon |   1034 |   1004 |     30 |    230 |    618 |   2 |  517.0 |
               +--------+--------+--------+--------+--------+-----+--------+

Top non-repeatable levels by time:
     D:1: 967 daAuts
     D:2: 66 daAuts
